 Dungeon Crawl Stone Soup version 0.25-a0-865-gd392131cc7 (webtiles) character file.

Game seed: 3141213739563487672, levelgen mode: deterministic

134 Eurus the Conjurer (level 4, 0/30 HPs)
             Began as a Mummy Conjurer on Apr 30, 2020.
             Slain by a goblin
             ... wielding a +0 dagger
             ... led by Robin
              (6 damage)
             ... on level 3 of the Dungeon.
             The game lasted 00:06:23 (2978 turns).

Eurus the Conjurer (Mummy Conjurer)                 Turns: 2978, Time: 00:06:24

Health: 0/30       AC:  2    Str: 11    XL:     4   Next: 95%
Magic:  10/10      EV: 12    Int: 15    God:
Gold:   96         SH:  0    Dex: 12    Spells: 8/11 levels left

rFire    x . .     SeeInvis .   d - +0 short sword
rCold    + . .     Gourm    .   (no shield)
rNeg     + + +     Faith    .   a - +0 robe
rPois    ∞         Spirit   .   (no helmet)
rElec    .         Reflect  .   (no cloak)
rCorr    .         Harm     .   (no gloves)
MR       .....                  (no boots)
Stlth    ++........             (no amulet)
HPRegen  0.10/turn              (no ring)
MPRegen  0.12/turn              (no ring)

@: no status effects
A: no food or potions, fire vulnerability, cold resistance 1, negative energy
resistance 3, torment resistance, unbreathing
a: no special abilities


You were on level 3 of the Dungeon.
You were not hungry.

You visited 1 branch of the dungeon, and saw 3 of its levels.

You collected 96 gold pieces.

Inventory:

Hand Weapons
 d - a +0 short sword (weapon)
 e - a +0 spear of freezing
Armour
 a - a +0 robe (worn)
Jewellery
 h - an uncursed ring of poison resistance {unknown}
Scrolls
 b - 2 scrolls of fog {unknown}
 c - a scroll of enchant weapon {unknown}
 f - 2 scrolls of identify {unknown}
 g - 2 scrolls of remove curse {unknown}
 i - a scroll of immolation {unknown}


   Skills:
 - Level 1.5 Dodging
 - Level 1.5 Stealth
 + Level 4.2 Spellcasting
 * Level 4.6 Conjurations


You had 8 spell levels left.
You knew the following spells:

 Your Spells              Type           Power        Failure   Level  Hunger
a - Magic Dart            Conj           ###.         2%          1    N/A
b - Searing Ray           Conj           ###...       3%          2    N/A

Your spell library contained the following spells:

 Spells                   Type           Power        Failure   Level  Hunger
 Animate Skeleton         Necr           N/A          19%         1    N/A
 Apportation              Tloc           #.....       19%         1    N/A
 Corona                   Hex            #......      19%         1    N/A
 Summon Small Mammal      Summ           #...         19%         1    N/A
 Dazzling Flash           Conj/Hex       ##....       21%         3    N/A
 Fulminant Prism          Conj/Hex       ##........   56%         4    N/A
 Iskenderun's Mystic Bla  Conj/Tloc      ##......     56%         4    N/A

Dungeon Overview and Level Annotations

Branches:
Dungeon (3/15)

Altars:

Annotations:
D:3 Natasha, Robin


Innate Abilities, Weirdness & Mutations

You do not eat or drink.
Your flesh is vulnerable to fire.
You are immune to poison.
Your flesh is cold resistant. (rC+)
You are immune to negative energy. (rN+++)
You are immune to unholy pain and torment.
You can survive without breathing.


Message History

The goblin closely misses you. The goblin barely misses you.
You closely miss the goblin. The hobgoblin hits you with a +0 club.
The goblin hits you but does no damage. The goblin closely misses you.
You barely miss the goblin. The goblin closely misses you.
The hobgoblin hits you but does no damage.
The goblin closely misses you.
You barely miss the goblin.
Robin says, "Bow before me, strongest of all the hobgoblins!"
The goblin misses you. The hobgoblin hits you with a +0 club.
* * * LOW HITPOINT WARNING * * *
The goblin hits you but does no damage.
You hit the goblin.
The goblin is severely wounded.
The goblin hits you with a +0 dagger.
* * * LOW HITPOINT WARNING * * *
The hobgoblin barely misses you.
You closely miss the goblin.
The goblin is severely wounded.
The goblin hits you with a +0 dagger.
You die...

#########.....
..............
........##...#
........# ...###
.......g# .....
.....ggg# #..# # #
.....ggg###..#.##.#
##. #.. #@g.........#
#..##.# #####.#######
#.#..... #.#
#......###### #.#
#......# #.#
##########.####.####.#
.......##.#.###......#
..####.#.###.#########
..####.##.#..#


You could see Robin, 2 hobgoblins and 5 goblins.

Vanquished Creatures
  7 gnolls
  A worm (D:1)
  A dart slug (D:2)
  3 leopard geckos
  2 giant cockroaches
  6 hobgoblins
  13 jackals
  8 kobolds
  2 quokkas (D:2)
  5 bats
  3 frilled lizards
  4 goblins
  2 rats (D:2)
57 creatures vanquished.

Notes
Turn   | Place    | Note
-------+----------+-------------------------------------------
     0 | D:1      | Eurus the Mummy Conjurer began the quest for the Orb.
     0 | D:1      | Reached XP level 1. HP: 13/13 MP: 4/4
   524 | D:1      | Reached XP level 2. HP: 19/19 MP: 3/6
   956 | D:1      | Learned a level 2 spell: Searing Ray
  1276 | D:2      | Reached XP level 3. HP: 24/24 MP: 3/7
  1721 | D:2      | Reached XP level 4. HP: 16/30 MP: 3/9
  2743 | D:3      | Noticed Natasha
  2966 | D:3      | Noticed Robin
  2978 | D:3      | Slain by a goblin

Levels and vault maps discovered:
D:1:      dpeg_arrival_castle, layout_loops_ring
D:2:      kennysheep_big_flooded_room, layout_loops_ring, kennysheep_potato
D:3:      layout_loops_cross, minmay_misc_feat_encased, lemuel_blue_sif_altar,
          uniq_robin, uniq_natasha

Skill      XL: |  1  2  3  4 |
---------------+-------------+-----
Spellcasting   | 3 4 |  4.2
Conjurations   | 4 |  4.6
Dodging        | |  1.5
Stealth        | |  1.5

Action                   |  1- 3 |  4- 6 || total
-------------------------+-------+-------++-------
Melee: Unarmed           |    13 |       ||    13
       Short sword       |     7 |    28 ||    35
 Cast: Magic Dart        |    45 |    12 ||    57
       Searing Ray       |     6 |     8 ||    14
Armor: Robe              |     6 |    11 ||    17
Dodge: Dodged            |    31 |    31 ||    62

Table legend:
 A = Non-vault XP
 B = Vault XP
 C = Vault XP percentage of total XP
 D = Non-vault monster count
 E = Vault monster count
 F = Vault count percentage of total count
                 A         B        C        D         E       F
            +---------+---------+-------+---------+---------+-------
      Total |     165 |      27 |  14.1 |      50 |       7 |  12.3
            +---------+---------+-------+---------+---------+-------
        D:1 |      21 |       0 |   0.0 |      11 |       0 |   0.0
        D:2 |      84 |      23 |  21.5 |      26 |       5 |  16.1
        D:3 |      60 |       4 |   6.2 |      13 |       2 |  13.3
            +---------+---------+-------+---------+---------+-------
